 Dungeon Crawl Stone Soup version 0.27-a0-808-g60bc5d92e6 (webtiles) character file.

Game seed: 451312495755787245

34 sleeves the Slasher (level 3, 0/29 HPs)
             Began as a Demonspawn Fighter on Mar 28, 2021.
             Slain by a hobgoblin (3 damage)
             ... on level 2 of the Dungeon.
             The game lasted 00:01:24 (1164 turns).

sleeves the Slasher (Demonspawn Fighter)            Turns: 1164, Time: 00:01:24

Health: 0/29       AC:  5    Str: 16    XL:     3   Next: 14%
Magic:  3/3        EV: 10    Int: 10    God:
Gold:   21         SH:  4    Dex: 12    Spells: 2/2 levels left

rFire    . . .     SeeInvis .   a - +0 long sword
rCold    . . .     Faith    .   (no shield)
rNeg     . . .     Spirit   .   e - +0 ring mail
rPois    .         Reflect  .   (no helmet)
rElec    .         Harm     .   (no cloak)
rCorr    .         Rampage  .   (no gloves)
Will     .....                  (no boots)
Stlth    ..........             (no amulet)
HPRegen  0.09/turn              (no ring)
MPRegen  0.08/turn              (no ring)

@: no status effects
A: hooves 1, condensation shield
a: no special abilities


You were on level 2 of the Dungeon.
You visited 1 branch of the dungeon, and saw 2 of its levels.

You collected 21 gold pieces.

Inventory:

Hand Weapons
 a - a +0 long sword (weapon)
Armour
 b - a +0 scale mail
 c - a +0 kite shield
 e - a +0 ring mail (worn)
   (You found it on level 1 of the Dungeon)
 h - a +0 hat
   (You found it on level 1 of the Dungeon)
Scrolls
 f - 2 scrolls of teleportation {unknown}
 g - a scroll of enchant weapon {unknown}
Potions
 d - a potion of might
 i - a potion of haste {unknown}


   Skills:
 - Level 3.0 Fighting
 + Level 3.3 Long Blades
 - Level 2.6 Armour
 - Level 2.6 Shields


You had 2 spell levels left.
You didn't know any spells.
Your spell library was empty.

Dungeon Overview and Level Annotations

Branches:
Dungeon (2/15)

Altars:

Annotations:
D:2 Terence


Innate Abilities, Weirdness & Mutations

You have large cloven feet.
A meltable shield of frost defends you. (SH +4)


Message History

Welcome, sleeves the Demonspawn Fighter.
Will you prevail where others failed? Will you find the Orb of Zot?
Press ? for a list of commands and other information.
Found 3 gold pieces.
Found a staircase leading out of the dungeon.
Unknown command.
You start removing your armour.
You continue taking off your +0 kite shield. x4
You finish taking off your +0 kite shield.
Nothing quivered!
Nothing quivered!
You now have 3 gold pieces.
You open the door.
Found 21 bolts.
Found an escape hatch in the floor.
There is an open door here.
There is a fountain of clear blue water here.
You open the door.
A kobold comes into view. It is wielding a +0 dagger.
The kobold shouts!
An endoplasm comes into view.
There is an open door here.
There are monsters nearby!
There are monsters nearby!
The endoplasm quivers.
The kobold closely misses you.
You hit the kobold.
You kill the kobold!
The endoplasm freezes you.
You are frozen.
Things that are here:
a +0 dagger; a kobold corpse You hit the endoplasm.
The endoplasm is lightly wounded.
The endoplasm freezes you.
You are frozen.
You are too injured to fight recklessly!
You are too injured to fight recklessly!
You are too injured to fight recklessly!
You are too injured to fight recklessly!
You slash the endoplasm!
You kill the endoplasm!
Your Long Blades skill increases to level 2!
HP restored.
Found a ring mail.
Found a stone staircase leading down.
No target in view!
No target in view!
There is a stone staircase leading down here.
A bat comes into view.
A bat is nearby!
You hit the bat.
You kill the bat!
No target in view!
No target in view!
No target in view!
No target in view!
No target in view!
No target in view!
A rat comes into view.
Found 29 arrows.
There are no items here.
A quokka comes into view.
You hit the rat.
You kill the rat!
You see here 29 arrows.
The quokka bites you but does no damage.
You hit the quokka.
The quokka is heavily wounded.
The quokka bites you.
The quokka bites you but does no damage.
You barely miss the quokka.
The quokka is heavily wounded.
The quokka closely misses you.
The quokka bites you but does no damage.
You hit the quokka.
The quokka is almost dead.
The quokka closely misses you.
You riposte.
You hit the quokka.
You kill the quokka!
(D) Dungeon
Where to? (Enter - D:1 @ (x,y), ? - help)
You see here 29 arrows.
You see here a +0 ring mail.
e - a +0 ring mail You start removing your armour.
You continue taking off your +0 scale mail. x4
You finish taking off your +0 scale mail.
You start putting on your armour.
You continue putting on your +0 ring mail. x5
You finish putting on your +0 ring mail.
You open the door.
There is an open door here.
There is a fountain of clear blue water here.
There is an open door here.
There is a staircase leading out of the dungeon here.
There is an open door here.
There is an open door here.
A hobgoblin comes into view.
The hobgoblin shouts!
A hobgoblin is nearby!
A hobgoblin is nearby!
A hobgoblin is nearby!
A hobgoblin comes into view.
The hobgoblin shouts!
You hit the hobgoblin.
You kill the hobgoblin!
You hit the hobgoblin.
You kill the hobgoblin!
You have reached level 2!
Your demonic ancestry asserts itself...
Frost condenses into a shield before you.
You see here a hobgoblin corpse.
A bat comes into view.
The bat barely misses you.
A bat is nearby!
A bat is nearby!
You barely miss the bat. The bat barely misses you. The bat hits you.
The bat completely misses you.
You hit the bat.
The bat is severely wounded.
The bat barely misses you. The bat hits you.
An endoplasm comes into view.
The endoplasm quivers.
You block the bat's attack.
There are monsters nearby!
You hit the bat.
You kill the bat!
No target in view!
No target in view!
No target in view!
No target in view!
No target in view!
No target in view!
No target in view!
No target in view!
An endoplasm is nearby!
An endoplasm is nearby!
You slash the endoplasm!
You kill the endoplasm!
No target in view!
No target in view!
No target in view!
No target in view!
No target in view!
Found a robe.
A ball python comes into view.
The ball python hisses angrily.
A ball python is nearby!
You block the ball python's attack. x2
You closely miss the ball python. The ball python bites you.
You block the ball python's attack. The ball python closely misses you.
The ball python grabs you. The ball python constricts you.
You hit the ball python.
You kill the ball python!
No target in view!
No target in view!
No target in view!
No target in view!
No target in view!
A kobold comes into view. It is wielding a +0 dagger.
The kobold shouts!
You see here a ball python corpse.
A kobold is nearby!
A bat comes into view.
You block the bat's attack. The kobold hits you but does no damage.
You hit the kobold but do no damage. The bat barely misses you.
You block the kobold's attack.
You closely miss the kobold. The bat hits you. The bat barely misses you.
The kobold misses you.
You riposte.
You hit the kobold.
The kobold is heavily wounded.
You block the bat's attack. The kobold hits you with a +0 dagger.
You barely miss the kobold.
The kobold is heavily wounded.
The bat barely misses you.
You riposte.
You completely miss the bat. The kobold hits you but does no damage.
You barely miss the kobold.
The kobold is heavily wounded.
The bat completely misses you.
You riposte.
You slash the bat!
You kill the bat!
The kobold hits you but does no damage.
You slash the kobold!
You kill the kobold!
No target in view!
No target in view!
Things that are here:
a +0 dagger; a kobold corpse A ball python comes into view.
The ball python hisses angrily.
You slash the ball python!
You kill the ball python!
No target in view!
No target in view!
You see here a ball python corpse.
A rat comes into view.
A rat is nearby!
You hit the rat.
You kill the rat!
No target in view!
No target in view!
No target in view!
No target in view!
No target in view!
No target in view!
Found 15 poisoned darts.
You see here 15 poisoned darts.
A dart slug comes into view.
You hit the dart slug but do no damage. The dart slug launches a dart at you.
The slug dart hits you.
You barely miss the dart slug.
The dart slug bites you but does no damage.
You hit the dart slug.
The dart slug is moderately wounded.
You slash the dart slug!
The dart slug is almost dead.
The dart slug bites you.
You slash the dart slug!
You kill the dart slug!
Found a stone staircase leading down.
A goblin comes into view. It is wielding a +0 dagger.
The goblin shouts!
A rat comes into view.
Found a scroll labelled HALEUPR LIUF.
An endoplasm comes into view.
The endoplasm quivers.
A rat comes into view.
The goblin hits you with a +0 dagger.
You slash the goblin!
You kill the goblin!
The rat barely misses you.
You riposte.
You slash the rat!
You kill the rat!
Your Long Blades skill increases to level 3!
The endoplasm misses you.
You riposte.
You slash the endoplasm!
You kill the endoplasm!
The rat bites you but does no damage.
Things that are here:
a +0 dagger; a goblin corpse You barely miss the rat.
The rat barely misses you.
You riposte.
You hit the rat but do no damage. You slash the rat!
You kill the rat!
No target in view!
f - a scroll labelled HALEUPR LIUF You now have 7 gold pieces (gained 4).
g - a scroll labelled BOCAUCH HAOWN No target in view!
No target in view!
No target in view!
No target in view!
No target in view!
No target in view!
You now have 21 gold pieces (gained 14).
Found a stone staircase leading down.
A rat comes into view.
You hit the rat.
The rat is heavily wounded.
The rat misses you. The rat bites you.
You closely miss the rat.
The rat is heavily wounded.
The rat barely misses you.
You closely miss the rat. The rat completely misses you.
You hit the rat.
You kill the rat!
No target in view!
No target in view!
No target in view!
An endoplasm comes into view.
The endoplasm quivers.
An endoplasm is nearby!
An endoplasm is nearby!
You hit the endoplasm.
The endoplasm is severely wounded.
The endoplasm freezes you.
You are frozen.
The endoplasm freezes you.
You are frozen.
Your ring mail prevents you from hitting the endoplasm.
The endoplasm is severely wounded.
The endoplasm freezes you.
You are frozen.
You are too injured to fight recklessly!
You are too injured to fight recklessly!
You are too injured to fight recklessly!
You are too injured to fight recklessly!
You are too injured to fight recklessly!
You are too injured to fight recklessly!
An endoplasm is nearby!
An endoplasm is nearby!
An endoplasm is nearby!
You are too injured to fight recklessly!
You hit the endoplasm.
The endoplasm is almost dead.
The endoplasm hits you.
You slash the endoplasm!
You kill the endoplasm!
h - a +0 hat
i - a silvery potion A quokka comes into view.
A bat comes into view.
The bat moves out of view.
You miss the quokka. The quokka bites you.
The quokka bites you but does no damage.
You barely miss the quokka.
The quokka bites you but does no damage.
You slash the quokka!
You kill the quokka!
The bat barely misses you.
You hit the bat.
You kill the bat!
No target in view!
No target in view!
A giant cockroach comes into view.
The giant cockroach moves out of view.
You see here a quokka corpse.
A giant cockroach is nearby!
A giant cockroach is nearby!
You see here a quokka corpse.
You barely miss the giant cockroach.
The giant cockroach bites you but does no damage. x2
A giant cockroach is nearby!
A giant cockroach is nearby!
You closely miss the giant cockroach.
The giant cockroach completely misses you.
You riposte.
You closely miss the giant cockroach.
You hit the giant cockroach but do no damage.
You block the giant cockroach's attack.
You hit the giant cockroach but do no damage.
The giant cockroach bites you but does no damage.
The giant cockroach bites you.
You hit the giant cockroach.
The giant cockroach is severely wounded.
The giant cockroach closely misses you.
You closely miss the giant cockroach.
The giant cockroach is severely wounded.
You block the giant cockroach's attack.
The giant cockroach bites you but does no damage.
You hit the giant cockroach but do no damage.
The giant cockroach is severely wounded.
The giant cockroach bites you but does no damage.
You hit the giant cockroach.
You kill the giant cockroach!
You have reached level 3!
Your experience leads to an increase in your attributes!
Increase (S)trength, (I)ntelligence, or (D)exterity?
You feel clever.
You feel monstrous as your demonic heritage exerts itself.
Your demonic ancestry asserts itself...
Your feet thicken and deform.
Found a leather armour.
A hobgoblin comes into view.
A hobgoblin is nearby!
A hobgoblin is nearby!
The hobgoblin closely misses you.
You hit the hobgoblin. You kick the hobgoblin.
The hobgoblin is heavily wounded.
The hobgoblin hits you but does no damage.
You hit the hobgoblin.
You kill the hobgoblin!
No target in view!
No target in view!
No target in view!
No target in view!
No target in view!
No target in view!
No target in view!
f - 2 scrolls labelled HALEUPR LIUF (gained 1)
A goblin comes into view. It is wielding a +0 club.
The goblin shouts!
A goblin is nearby!
A goblin is nearby!
You block the goblin's attack.
You slash the goblin!
You kill the goblin!
No target in view!
No target in view!
No target in view!
No target in view!
No target in view!
No target in view!
No target in view!
A goblin comes into view. It is wielding a +0 club.
The goblin shouts!
A goblin is nearby!
A goblin is nearby!
The goblin hits you but does no damage.
You miss the goblin. You kick the goblin.
The goblin is almost dead.
The goblin barely misses you.
You riposte.
You closely miss the goblin. You kick the goblin.
You kill the goblin!
No target in view!
No target in view!
No target in view!
No target in view!
No target in view!
No target in view!
You see here a +0 club.
Done exploring.
Done exploring.
Done exploring.
No target in view!
No target in view!
No target in view!
(D) Dungeon
Where to? (Enter - D:1 @ (x,y), ? - help)
There is a stone staircase leading down here.
You climb downwards.
Found a scroll labelled ICOIGH TEYRYI.
There is a stone staircase leading up here.
Terence the Incautious comes into view.
He is wielding a +0 flail and wearing a +4 scale mail of fire resistance.
Terence shouts!
An endoplasm comes into view.
Found 12 stones.
There are monsters nearby!
The endoplasm quivers.
Found 9 gold pieces.
Found an escape hatch in the ceiling.
You hit the endoplasm.
You kill the endoplasm!
You hit Terence but do no damage. Your kick misses Terence.
Terence hits you with a +0 flail!
You closely miss Terence. Terence hits you but does no damage.
You hit Terence but do no damage. You kick Terence, but do no damage.
Terence closely misses you. Terence barely misses you.
You riposte.
You hit Terence but do no damage. You kick Terence, but do no damage.
You slash Terence!
Terence is moderately wounded.
Terence barely misses you.
You hit Terence but do no damage.
Terence is moderately wounded.
Terence hits you with a +0 flail.
You are too injured to fight recklessly!
You are too injured to fight recklessly!
You are too injured to fight recklessly!
You are too injured to fight recklessly!
You hit Terence.
Terence is heavily wounded.
You block Terence's attack.
You hit Terence but do no damage. Your kick misses Terence.
Terence is heavily wounded.
Terence hits you with a +0 flail.
You hit Terence but do no damage. You kick Terence, but do no damage.
Terence is heavily wounded.
You block Terence's attack. Terence hits you with a +0 flail.
* * * LOW HITPOINT WARNING * * *
You hit Terence but do no damage. You kick Terence, but do no damage.
Terence is heavily wounded.
Terence closely misses you.
You closely miss Terence. You kick Terence, but do no damage.
Terence is heavily wounded.
Terence hits you with a +0 flail!
* * * LOW HITPOINT WARNING * * *
A hobgoblin comes into view.
The hobgoblin shouts!
You hear a shout!
Really walk into that teleport trap?
You enter a teleport trap!
The teleport trap disappears.
Your surroundings suddenly seem different.
A hobgoblin comes into view.
The hobgoblin shouts!
Found an escape hatch in the floor.
The hobgoblin hits you.
* * * LOW HITPOINT WARNING * * *
You hit the hobgoblin.
You kick the hobgoblin, but do no damage.
The hobgoblin is moderately wounded.
You block the hobgoblin's attack.
You closely miss the hobgoblin. You kick the hobgoblin.
The hobgoblin is severely wounded.
You block the hobgoblin's attack. The hobgoblin hits you.
You die...

#.
#..#........$#
.
#..........(.#
#
.......<.....#
.#...........#
...........#
#.........#
#....g...##
.#.......##
.......@.#
##.....g.#
##.....##
#>....#
#.......
#.......
#.......
##.....##


You could see 2 hobgoblins.

Vanquished Creatures
  A dart slug (D:1)
  4 bats (D:1)
  5 endoplasms
  A giant cockroach (D:1)
  3 goblins (D:1)
  3 hobgoblins (D:1)
  2 quokkas (D:1)
  2 ball pythons (D:1)
  2 kobolds (D:1)
  5 rats (D:1)
28 creatures vanquished.

Notes
Turn   | Place    | Note
-------+----------+-------------------------------------------
     0 | D:1      | sleeves the Demonspawn Fighter began the quest for the Orb.
     0 | D:1      | Reached XP level 1. HP: 18/18 MP: 1/1
    30 | D:1      | Reached skill level 2 in Long Blades
   308 | D:1      | Gained mutation: A meltable shield of frost defends you.
                  | (SH +4) [demonic ancestry]
   308 | D:1      | Reached XP level 2. HP: 24/24 MP: 2/2
   496 | D:1      | Reached skill level 3 in Long Blades
   902 | D:1      | Gained mutation: You have large cloven feet. [demonic
                  | ancestry]
   902 | D:1      | Reached XP level 3. HP: 29/29 MP: 3/3
  1141 | D:2      | Noticed Terence
  1152 | D:2      | HP: 13/29 [Terence/+0 flail (3)]
  1154 | D:2      | HP: 5/29 [Terence/+0 flail (8)]
  1162 | D:2      | HP: 3/29 [hobgoblin (3)]
  1164 | D:2      | Slain by a hobgoblin

Illustrated notes

Levels and vault maps discovered:
D:1:      minmay_arrival_split_and_join, layout_loops_ring
D:2:      layout_rooms, overflow_temple_1_default, uniq_terence, uniq_robin

Skill      XL: |  1  2 |
---------------+-------+-----
Long Blades    | 2 3 |  3.3
Fighting       | |  3.0
Armour         | |  2.6
Shields        | |  2.6

Action                   || total
-------------------------++-------
Melee: Long sword        ||    68
       Kick              ||    10
Armor: Scale mail        ||     3
       Ring mail         ||    15
Dodge: Dodged            ||    28
Block: Other             ||    14
       Rpst.: Long sword ||    10

Table legend: (Time is in decaauts)
 A = Elapsed time spent in this place.
 B = Non-inter-level travel time spent in this place.
 C = Inter-level travel time spent in this place.
 D = Time resting spent in this place.
 E = Time spent auto-exploring this place.
 F = Levels seen in this place.
 G = Mean time per level.
                   A        B        C        D        E       F      G
               +--------+--------+--------+--------+--------+-----+--------+
         Total |   1180 |   1151 |     29 |      0 |    979 |   2 |  590.0 |
       Dungeon |   1180 |   1151 |     29 |      0 |    979 |   2 |  590.0 |
               +--------+--------+--------+--------+--------+-----+--------+

Top non-repeatable levels by time:
     D:1: 1153 daAuts
     D:2: 27 daAuts
